 Dungeon Crawl Stone Soup version 0.30-a0-223-gcb0039aa0c (webtiles) character file.

Game seed: 14645474934885493251

2035 qw the Cleaver (level 9, -5/56 HPs)
             Began as a Gargoyle Fighter on Oct 9, 2022.
             Was a Follower of Okawaru.
             Slain by a wight
             ... wielding a +5 mace
              (7 damage)
             ... on level 6 of the Dungeon.
             The game lasted 00:02:56 (6438 turns).

qw the Cleaver (Gargoyle Fighter)                   Turns: 6438, Time: 00:02:57

Health: -5/56      AC: 22    Str: 24    XL:     9   Next: 24%
Magic:  11/12      EV:  8    Int:  9    God:    Okawaru [*.....]
Gold:   358        SH:  5    Dex:  9    Spells: 8/8 levels left

rFire   . . .      SeeInvis .    Y - +1 war axe
rCold   . . .      Faith    .    c - +0 buckler
rNeg    + + .      Spirit   .    f - +0 plate armour
rPois   inf        Reflect  .    (no helmet)
rElec   +          Harm     .    (no cloak)
rCorr   .          Rampage  .    (no gloves)
Will    .....                    n - +0 pair of boots
Stlth   ..........               i - amulet of the acrobat
HPRegen 0.29/turn                j - ring of positive energy
MPRegen 0.13/turn                (no ring)

@: heroic
A: sickness immunity, AC +6, negative energy resistance 1, electricity
resistance, torment resistance 1, petrification resistance, talons 1, MP-powered
wands
a: Renounce Religion, Heroism


You were on level 6 of the Dungeon.
You worshipped Okawaru.
Okawaru was aware of your devotion.
You visited 2 branches of the dungeon, and saw 7 of its levels.
You also visited: Sewer.

You collected 358 gold pieces.


Innate Abilities, Weirdness & Mutations

You are immune to sickness and miasma.
Your stone body is resilient. (AC +6)
You are immune to poison.
You resist negative energy. (rN+)
You are resistant to electric shocks. (rElec)
You are resistant to unholy torment.
You are immune to petrification.
You have sharp toenails.
You expend magic power (3 MP) to strengthen your wands.


   Skills:
 - Level 6.4(11.4) Fighting
 + Level 8.2(13.2) Axes
 - Level 2.0(7.0) Throwing
 - Level 5.1(10.1) Armour
 - Level 1.0(6.0) Dodging
 - Level 3.2(8.2) Shields
 - Level 4.0 Invocations


You had 8 spell levels left.
You didn't know any spells.
Your spell library was empty.

Inventory:

Hand Weapons
 p - a +0 morningstar
 Y - a +1 war axe (weapon)
Missiles
 h - 3 javelins (quivered)
Armour
 c - a +0 buckler (worn)
 f - a +0 plate armour (worn)
 g - the +15 Maxwell's patent armour {-Cast -Tele rElec Will+ rCorr}
   (You took it off a goblin on level 3 of the Dungeon)

   rElec:     It insulates you from electricity.
   -Cast:     It prevents spellcasting.
   -Tele:     It prevents most forms of teleportation.
   rCorr:     It protects you from acid and corrosion.
   Will:      It increases your willpower.
 n - a +0 pair of boots (worn)
Jewellery
 i - an amulet of the acrobat (around neck)
 j - a ring of positive energy (left hand)
 m - the amulet "Jafuy" {Acrobat Harm rC+++ Regen+ Slay-4}
   (You found it on level 3 of the Dungeon)

   [amulet of the acrobat]

   It increases your evasion while moving and waiting.
   Slay:      It affects your accuracy & damage with ranged weapons and melee
   (-4).
   rC:        It renders you almost immune to cold.
   Regen:     It increases your rate of health regeneration.
   Harm:      It increases damage dealt and taken.
Scrolls
 l - a scroll of identify
Potions
 a - a potion of resistance
 b - a potion of cancellation
 d - 4 potions of might
 e - 2 potions of mutation
 k - 2 potions of magic
 o - 2 potions of curing

Dungeon Overview and Level Annotations

Branches:
Dungeon (6/15)             Temple (1/1) D:4           Sewer (visited)

Altars:
Ashenzari
Cheibriados
Dithmenos
Elyvilon
Fedhas
Gozag
Hepliaklqana
Kikubaaqudgha
Makhleb
Nemelex Xobeh
Okawaru
Qazlal
Ru
Sif Muna
Trog
Uskayaw
Vehumet
Wu Jian
Zin
The Shining One

Shops:
D:4 (:

Annotations:
D:6 3 runed translucent doors, qw's ghost, novice GrFi


Message History

The wight is severely damaged.
You block the wight's attack.
The wight hits you with a +5 great sword.
You closely miss the wight.
The wight is severely damaged.
The wight hits you from afar with a +3 trident.
The wight hits you but does no damage.
You hit the wight but do no damage.
The wight is severely damaged.
The wight hits you from afar with a +3 trident!
The wight closely misses you.
You closely miss the wight.
The wight is severely damaged.
The wight closely misses you.
The wight hits you with a +5 great sword.
You closely miss the wight.
The wight is severely damaged.
The wight hits you from afar with a +3 trident.
The wight hits you but does no damage.
You slash the wight!
You destroy the wight!
Okawaru accepts your kill. You block the wight's attack.
The wight hits you but does no damage.
Things that are here:
a +5 great sword; a +0 robe You barely miss the wight.
You closely miss the wight. The wight hits you with a +3 trident.
You closely miss the wight. The wight hits you but does no damage.
You slash the wight!
The wight is almost destroyed.
You hit the wight. The wight hits you but does no damage.
The wight barely misses you.
You closely miss the wight.
The wight is almost destroyed.
You closely miss the wight. The wight hits you with a +5 mace!
You die...

#.#.. #+# #.... #.#
#.... ####.#### ####.
#.......# ##. #.#...#.#
##.. #.......# #..(
###.#.....######.#.
#z@................
...(..z#.##....#########
.(######.......#
####)#### #.# ####.###
##### ######## #..)...#
##...# #......# #.##)#.#
##.###.
#.####.###.##.#.####.##
##


You could see 2 wights.

Vanquished Creatures
  Sigmund (D:3)
  A water moccasin (D:5)
  2 black bears (D:5)
  An ice beast (D:3)
  A centaur (D:5)
  A kobold brigand (D:6)
  2 phantoms (D:5)
  A gnoll sergeant (D:5)
  3 scorpions
  A wight (D:6)
  A howler monkey (D:6)
  4 jellies
  5 hounds
  2 orc priests
  2 iguanas (D:5)
  7 orc wizards
  4 gnolls
  9 adders
  A river rat (Sewer)
  A white imp (D:6)
  2 worms
  4 dart slugs
  23 orcs
  13 endoplasms
  9 giant cockroaches
  13 goblins
  7 hobgoblins
  4 jackals (D:3)
  3 quokkas
  15 ball pythons
  6 bats
  7 frilled lizards
  16 kobolds
  12 rats
184 creatures vanquished.

Vanquished Creatures (others)
  20 plants (D:5)
20 creatures vanquished.

Grand Total: 204 creatures vanquished

Notes
Turn   | Place    | Note
-------+----------+-------------------------------------------
     0 | D:1      | qw the Gargoyle Fighter began the quest for the Orb.
     0 | D:1      | Reached XP level 1. HP: 14/14 MP: 1/1
     0 | D:1      | 0 ||| qw: Version: 0.2-a-17-g06abaee
     0 | D:1      | 0 ||| qw: Game counter: 2116
     0 | D:1      | 0 ||| qw: Always use a shield: true
     0 | D:1      | 0 ||| qw: God list: Okawaru
     0 | D:1      | 0 ||| qw: Allow faded altars: false
     0 | D:1      | 0 ||| qw: Do Orc after D:15 true
     0 | D:1      | 0 ||| qw: Do second Lair branch before Depths: true
     0 | D:1      | 0 ||| qw: Lair rune preference: random
     0 | D:1      | 0 ||| qw: Plans: Normal, Zot:1-4, God:TSO, Crypt, Tomb,
                  | Pan, Slime:5, Hells, Abyss, Orb
     0 | D:1      | 0 ||| PLANNING D:1-11
    12 | D:1      | Reached skill level 2 in Axes
   107 | D:1      | Reached XP level 2. HP: 19/19 MP: 2/2
   152 | D:1      | 152 ||| Stepping ~*~*~tactically~*~*~ (stealth).
   153 | D:1      | 153 ||| Stepping ~*~*~tactically~*~*~ (stealth).
   176 | D:1      | 176 ||| Stepping ~*~*~tactically~*~*~ (stealth).
   189 | D:1      | 189 ||| Stepping ~*~*~tactically~*~*~ (stealth).
   190 | D:1      | 190 ||| Stepping ~*~*~tactically~*~*~ (stealth).
   196 | D:1      | 196 ||| Stepping ~*~*~tactically~*~*~ (hiding).
   221 | D:1      | 221 ||| DROPPING +0 whip.
   269 | D:1      | 269 ||| Stepping ~*~*~tactically~*~*~ (stealth).
   270 | D:1      | 270 ||| Stepping ~*~*~tactically~*~*~ (stealth).
   279 | D:1      | 279 ||| Stepping ~*~*~tactically~*~*~ (stealth).
   286 | D:1      | Reached skill level 3 in Axes
   304 | D:1      | Reached XP level 3. HP: 19/23 MP: 3/3
   769 | D:1      | 769 ||| UPGRADING to +0 plate armour.
   779 | D:1      | 779 ||| DROPPING +0 scale mail.
   780 | D:1      | 780 ||| DROPPING orb of mayhem.
   781 | D:1      | 781 ||| READING scroll labelled SIP YJAUQUYT.
   782 | D:1      | 782 ||| READING scroll labelled SAIMOLUSOO.
   783 | D:1      | 783 ||| READING scroll labelled HAJUTA QIJEJIWAA.
   784 | D:1      | 784 ||| READING scroll labelled RUIZXOWAXI.
   943 | D:2      | 943 ||| Stepping ~*~*~tactically~*~*~ (hiding).
   945 | D:2      | 945 ||| Stepping ~*~*~tactically~*~*~ (hiding).
  1067 | D:2      | 1067 ||| Stepping ~*~*~tactically~*~*~ (stealth).
  1173 | D:2      | Reached XP level 4. HP: 28/28 MP: 4/4
  1357 | D:2      | Reached skill level 4 in Axes
  1429 | D:2      | Found a white marble altar of Elyvilon.
  1505 | D:2      | 1505 ||| UPGRADING to amulet of the acrobat.
  1510 | D:2      | 1510 ||| READING scroll labelled XEAPIAS EBBI.
  1545 | D:3      | 1545 ||| PLANNING SEWER
  1593 | D:3      | 1593 ||| Stepping ~*~*~tactically~*~*~ (stealth).
  1612 | D:3      | 1612 ||| FLEEEEING.
  1613 | D:3      | 1613 ||| FLEEEEING.
  1614 | D:3      | 1614 ||| FLEEEEING.
  1629 | D:3      | 1629 ||| FLEEEEING.
  1630 | D:3      | 1630 ||| FLEEEEING.
  1631 | D:3      | 1631 ||| FLEEEEING.
  1639 | D:3      | 1639 ||| FLEEEEING.
  1640 | D:3      | 1640 ||| FLEEEEING.
  1641 | D:3      | 1641 ||| FLEEEEING.
  1705 | D:3      | 1705 ||| Stepping ~*~*~tactically~*~*~ (stealth).
  1809 | D:3      | Found a glowing drain.
  1810 | D:3      | 1810 ||| DRINKING 2 purple potions.
  1820 | Sewer    | Entered a sewer
  1837 | Sewer    | Reached XP level 5. HP: 32/32 MP: 5/5
  1951 | Sewer    | 1951 ||| Stepping ~*~*~tactically~*~*~ (stealth).
  1984 | Sewer    | Reached skill level 5 in Axes
  2003 | Sewer    | 2003 ||| Stepping ~*~*~tactically~*~*~ (water).
  2046 | Sewer    | Reached XP level 6. HP: 20/39 MP: 6/6
  2121 | Sewer    | Found a viscous altar of Jiyva.
  2258 | Sewer    | 2258 ||| READING 3 scrolls labelled SOCEQIWEOH.
  2259 | Sewer    | 2259 ||| DRINKING 2 smoky blue potions.
  2260 | Sewer    | 2260 ||| DRINKING 3 fizzy yellow potions.
  2260 | Sewer    | Gained mutation: Armour fits poorly on your strangely
                  | shaped body. [potion of mutation]
  2260 | Sewer    | Gained mutation: You are frail. (-10% HP) [potion of
                  | mutation]
  2260 | Sewer    | Gained mutation: You have a pair of small antennae on your
                  | head. [potion of mutation]
  2261 | Sewer    | 2261 ||| DRINKING 2 potions of mutation.
  2261 | Sewer    | Lost mutation: You are frail. (-10% HP) [potion of
                  | mutation]
  2261 | Sewer    | Lost mutation: You have a pair of small antennae on your
                  | head. [potion of mutation]
  2261 | Sewer    | Lost mutation: Armour fits poorly on your strangely shaped
                  | body. [potion of mutation]
  2261 | Sewer    | Gained mutation: You expend magic power (3 MP) to
                  | strengthen your wands. [potion of mutation]
  2261 | Sewer    | Gained mutation: You have sharp toenails. [potion of
                  | mutation]
  2277 | Sewer    | 2277 ||| DROPPING 2 scrolls of magic mapping.
  2299 | D:3      | 2299 ||| PLANNING D:1-11
  2318 | D:3      | Noticed Sigmund
  2320 | D:3      | 2320 ||| DRINKING potion of curing.
  2320 | D:3      | 2320 ||| (to cure confusion)
  2330 | D:3      | Killed Sigmund
  2331 | D:3      | Reached skill level 6 in Axes
  2383 | D:3      | 2383 ||| Stepping ~*~*~tactically~*~*~ (hiding).
  2392 | D:3      | Reached XP level 7. HP: 35/44 MP: 7/7
  2475 | D:3      | Found a burning altar of Makhleb.
  2512 | D:3      | Found a glowing golden altar of the Shining One.
  2689 | D:3      | Found a faded altar of an unknown god.
  2777 | D:3      | Identified the amulet "Jafuy" {Acrobat Harm rC+++ Regen+
                  | Slay-4}
  2931 | D:3      | 2931 ||| Stepping ~*~*~tactically~*~*~ (stealth).
  3160 | D:3      | 3160 ||| UPGRADING to +0 pair of boots.
  3165 | D:3      | 3165 ||| UPGRADING to ring of positive energy.
  3166 | D:3      | 3166 ||| READING scroll labelled NIDUN ZAUGRU.
  3167 | D:3      | 3167 ||| READING 3 scrolls of identify.
  3167 | D:3      | 3167 ||| IDENTIFYING coppery potion
  3168 | D:3      | 3168 ||| READING 2 scrolls of identify.
  3168 | D:3      | 3168 ||| IDENTIFYING sapphire potion
  3169 | D:3      | 3169 ||| DROPPING potion of ambrosia.
  3229 | D:4      | Found a sparkling altar of Nemelex Xobeh.
  3335 | D:4      | Found a staircase to the Ecumenical Temple.
  3336 | D:4      | 3336 ||| PLANNING TEMPLE
  3348 | D:4      | 3348 ||| FLEEEEING.
  3360 | D:4      | 3360 ||| FLEEEEING.
  3361 | D:4      | 3361 ||| FLEEEEING.
  3362 | D:4      | 3362 ||| FLEEEEING.
  3369 | D:4      | 3369 ||| FLEEEEING.
  3370 | D:4      | 3370 ||| FLEEEEING.
  3371 | D:4      | 3371 ||| FLEEEEING.
  3372 | D:4      | 3372 ||| STAIRDANCE
  3376 | D:4      | 3376 ||| STAIRDANCE
  3381 | D:4      | 3381 ||| STAIRDANCE
  3386 | D:4      | 3386 ||| STAIRDANCE
  3506 | D:4      | 3506 ||| STAIRDANCE
  3517 | D:3      | Reached skill level 7 in Axes
  3540 | D:4      | 3540 ||| STAIRDANCE
  3564 | D:4      | 3564 ||| STAIRDANCE
  3578 | Temple   | Entered the Ecumenical Temple
  3631 | Temple   | 3631 ||| PLANNING OKAWARU WORSHIP
  3831 | Temple   | Became a worshipper of Warmaster Okawaru
  3832 | Temple   | 3832 ||| PLANNING D:1-11
  3933 | D:4      | 3933 ||| DROPPING +0 flail.
  4030 | D:4      | Found Aciol's Vocational Training.
  4094 | D:4      | Found an opulent altar of Gozag.
  4100 | D:4      | 4100 ||| Stepping ~*~*~tactically~*~*~ (stealth).
  4104 | D:4      | 4104 ||| Stepping ~*~*~tactically~*~*~ (stealth).
  4106 | D:4      | 4106 ||| Stepping ~*~*~tactically~*~*~ (stealth).
  4291 | D:4      | Found Refes's Weapon Shop.
  4461 | D:4      | 4461 ||| READING scroll labelled ESUSAMUERU.
  4462 | D:4      | 4462 ||| READING scroll labelled EFEIST OMNAID.
  4465 | D:4      | 4465 ||| DRINKING 2 silvery potions.
  4466 | D:4      | 4466 ||| DROPPING potion of degeneration.
  4481 | D:5      | Entered Level 5 of the Dungeon
  4514 | D:5      | 4514 ||| Stepping ~*~*~tactically~*~*~ (stealth).
  4525 | D:5      | Reached XP level 8. HP: 42/50 MP: 8/8
  4641 | D:5      | 4641 ||| Stepping ~*~*~tactically~*~*~ (water).
  4757 | D:5      | Reached * piety under Okawaru
  4758 | D:5      | Reached skill level 8 in Axes
  4764 | D:5      | 4764 ||| INVOKING Heroism.
  4782 | D:5      | 4782 ||| INVOKING Heroism.
  4788 | D:5      | Reached skill level 6 in Fighting
  5197 | D:5      | Reached skill level 1 in Invocations
  5469 | D:5      | 5469 ||| Stepping ~*~*~tactically~*~*~ (hiding).
  5470 | D:5      | 5470 ||| INVOKING Heroism.
  5475 | D:5      | Reached skill level 1 in Throwing
  5483 | D:5      | Reached skill level 1 in Dodging
  5484 | D:5      | Reached skill level 3 in Invocations
  5484 | D:5      | Reached XP level 9. HP: 15/56 MP: 7/11
  5484 | D:5      | 5484 ||| INVOKING Heroism.
  5486 | D:5      | HP: 5/56 [gnoll sergeant/+6 spear of venom (11)]
  5487 | D:5      | 5487 ||| READING scroll of teleportation.
  5743 | D:5      | 5743 ||| Stepping ~*~*~tactically~*~*~ (hiding).
  5837 | D:5      | 5837 ||| READING 2 scrolls of identify.
  5837 | D:5      | 5837 ||| IDENTIFYING white potion
  5870 | D:6      | Found a runed translucent gate.
  5870 | D:6      | Found a runed translucent gate.
  5870 | D:6      | Found a runed translucent gate.
  5873 | D:6      | Noticed qw's ghost (novice GrFi)
  5875 | D:6      | Noticed a boulder beetle
  6020 | D:6      | 6020 ||| Stepping ~*~*~tactically~*~*~ (stealth).
  6087 | D:6      | Found a white marble altar of Elyvilon.
  6122 | D:6      | Found an ancient bone altar of Kikubaaqudgha.
  6162 | D:6      | 6162 ||| Stepping ~*~*~tactically~*~*~ (stealth).
  6164 | D:6      | 6164 ||| Stepping ~*~*~tactically~*~*~ (stealth).
  6190 | D:6      | 6190 ||| INVOKING Heroism.
  6191 | D:6      | 6191 ||| Stepping ~*~*~tactically~*~*~ (stealth).
  6193 | D:6      | 6193 ||| Stepping ~*~*~tactically~*~*~ (stealth).
  6217 | D:6      | 6217 ||| Stepping ~*~*~tactically~*~*~ (hiding).
  6219 | D:6      | 6219 ||| Stepping ~*~*~tactically~*~*~ (hiding).
  6419 | D:6      | 6419 ||| Stepping ~*~*~tactically~*~*~ (hiding).
  6425 | D:6      | 6425 ||| INVOKING Heroism.
  6429 | D:6      | HP: 11/56 [wight/+3 trident (9)]
  6431 | D:6      | HP: 5/56 [wight/+3 trident (2)]
  6435 | D:6      | HP: 1/56 [wight/+3 trident (5)]
  6438 | D:6      | Slain by a wight

Levels and vault maps discovered:
D:1:      wander_arrival_peaceful_grave, layout_basic
D:2:      layout_loops_cross, basic_altar
D:3:      layout_loops_ring, mainiacjoe_overflow_six_doors_small,
          bloody_makhleb, shapermc_ecumenical_altar_ellora,
          portal_sewer_entry_b, uniq_sigmund
D:4:      layout_basic, nicolae_gozag_seed_capital,
          nemelex_diamond_rough_becter, minmay_temple_entry_ruins,
          serial_curves, eino_curves_01, eino_curves_01, serial_shops,
          nicolae_square_shop, grunt_ministairs_2, nicolae_shop_vocational
D:5:      minmay_opposing_rooms, layout_rooms, serial_bayou,
          serial_bayou_pond_c, serial_bayou_shore_b, serial_bayou_pond_a,
          serial_bayou_ford_a, serial_bayou_lagoon_b, minmay_door_square
D:6:      layout_loops_corners, general_overflow_altar, elyvilon_altar_3,
          gammafunk_ghost_split, minivault_24
Temple:   dpeg_chambers_temple

Skill      XL: |  1  2  3  4  5  6  7  8  9 |
---------------+----------------------------+-----
Axes           | 2 3 4 5 6 7 8 |  8.2
Fighting       | 4 5 6 |  6.4
Armour         | 4 5 |  5.1
Invocations    | 3 4 |  4.0
Throwing       | 2 |  2.0
Dodging        | 1 |  1.0
Shields        | |  3.2

Action                   |  1- 3 |  4- 6 |  7- 9 || total
-------------------------+-------+-------+-------++-------
Melee: War axe           |   130 |   136 |   323 ||   589
       Kick              |       |     3 |    11 ||    14
Throw: Javelin           |       |       |    16 ||    16
Invok: Heroism           |       |       |     6 ||     6
  Use: Scroll            |     4 |     2 |     7 ||    13
       Potion            |       |     5 |     1 ||     6
Armor: Scale mail        |    38 |       |       ||    38
       Plate armour      |    29 |    87 |   214 ||   330
Dodge: Dodged            |    53 |    29 |   102 ||   184
Block: Buckler           |    22 |    16 |    61 ||    99

Table legend:
 A = Non-vault XP
 B = Vault XP
 C = Vault XP percentage of total XP
 D = Non-vault monster count
 E = Vault monster count
 F = Vault count percentage of total count
                 A         B        C        D         E       F
            +---------+---------+-------+---------+---------+-------
      Total |    1657 |    1251 |  43.0 |     138 |      46 |  25.0
            +---------+---------+-------+---------+---------+-------
        D:1 |      51 |       0 |   0.0 |      28 |       0 |   0.0
        D:2 |      49 |       0 |   0.0 |      21 |       0 |   0.0
        D:3 |     335 |     235 |  41.2 |      38 |       4 |   9.5
        D:4 |     202 |       4 |   1.9 |      15 |       2 |  11.8
        D:5 |     674 |     791 |  54.0 |      20 |      10 |  33.3
        D:6 |     346 |       0 |   0.0 |      16 |       0 |   0.0
      Sewer |       0 |     221 | 100.0 |       0 |      30 | 100.0
            +---------+---------+-------+---------+---------+-------
